AoeStats
← Simon Stokvis

African Clearing

505688962Analyzed
4v4 RM · 21d ago on Sep 10, 2026· 39m 19s· 8 players
Game mode
Random Map
Map size
Large (8 player)
Population
200
Speed
Normal
Resources
Standard
Victory
Conquest
Starting age
Dark Age
Ending age
Imperial Age
RankedLock teamsTeams togetherTeam positionsShared explorationLock speedFull tech treeHidden civsTurbo modeCheats
Victory
Defeat
🇨🇳 Jurchens · China
1999
+3
🇨🇳 Spanish · China
1911
+5
🇨🇳 Koreans · China
1816
+8
🇮🇳 Slavs · India
1514
+18
🇦🇷 Chinese · Argentina
1713
-12
🇹🇷 Bengalis · Türkiye
1682
-11
🇳🇱 Magyars · Netherlands
1541
-6
🇬🇧 Berbers · United Kingdom
1511
-5
Humble Villager
8:48 Loom
11:23 Feudal Age
12:43 Double-Bit Axe
26:39 Castle Age
31:31 Town Watch
34:37 Fletching
38:56 Padded Archer Armor
38:51 Bodkin Arrow
Simon Stokvis
5:48 Loom
15:03 Feudal Age
18:54 Castle Age
25:11 Fletching
28:34 Double-Bit Axe
33:20 Ballistics
33:43 Scale Barding Armor
35:24 Chain Barding Armor
39:32 Imperial Age
Apep
9:13 Loom
13:10 Feudal Age
17:51 Castle Age
15:42 Fletching
16:21 Double-Bit Axe
17:58 Padded Archer Armor
18:55 Bow Saw
19:06 Horse Collar
24:04 Husbandry
26:02 Bloodlines
26:50 Wheelbarrow
26:59 Ballistics
27:52 Bodkin Arrow
37:37 Imperial Age
38:13 Leather Archer Armor
38:44 Bracer
Franco Guanajuato
3:09 Loom
13:00 Feudal Age
17:18 Castle Age
15:27 Double-Bit Axe
15:27 Horse Collar
16:31 Fletching
18:26 Bow Saw
18:21 Bodkin Arrow
22:28 Heavy Plow
26:08 Padded Archer Armor
27:37 Wheelbarrow
27:51 Husbandry
30:52 Leather Archer Armor
31:05 Town Watch
32:08 Ballistics
31:42 Gold Mining
37:11 Imperial Age
35:18 Thumb Ring
36:02 Pikeman
36:42 Squires
38:33 Scale Mail Armor
CNZS_旋律
12:29 Feudal Age
12:55 Feudal Age
11:56 Loom
14:11 Double-Bit Axe
16:55 Castle Age
15:00 Horse Collar
16:58 Light Cavalry
22:19 Bow Saw
23:20 Husbandry
24:03 Wheelbarrow
24:20 Husbandry
27:30 Bloodlines
28:01 Heavy Plow
30:01 Hand Cart
30:22 Scale Barding Armor
30:11 Gold Mining
34:22 Imperial Age
32:47 Chain Barding Armor
33:01 Ballistics
33:28 Gold Shaft Mining
32:53 Town Watch
33:19 Forging
35:40 Plate Barding Armor
34:27 Elite Steppe Lancer
35:05 Stone Mining
36:24 Iron Casting
36:12 Conscription
38:49 Blast Furnace
Dark_Shelly
4:29 Loom
12:10 Feudal Age
19:14 Double-Bit Axe
27:36 Town Watch
28:20 Horse Collar
30:45 Wheelbarrow
35:12 Castle Age
33:32 Scale Barding Armor
36:12 Bloodlines
36:46 Chain Barding Armor
36:37 Forging
36:24 Gold Mining
39:35 Iron Casting
呜呜呜急死了
14:06 Feudal Age
15:48 Loom
18:35 Castle Age
17:51 Double-Bit Axe
18:23 Fishing Lines
19:31 Bow Saw
22:27 Horse Collar
25:29 Gillnets
27:11 Wheelbarrow
27:44 Fletching
29:50 Stone Mining
32:40 Imperial Age
30:26 Padded Archer Armor
30:21 Bodkin Arrow
30:29 Gold Mining
31:17 Heavy Plow
32:03 Stone Shaft Mining
32:11 Leather Archer Armor
33:13 Hand Cart
33:40 Husbandry
33:51 Bloodlines
35:15 Chemistry
35:27 Ring Archer Armor
35:31 Conscription
36:23 Elite Conquistador
37:54 Town Watch
CNZS_CC
5:56 Loom
15:24 Feudal Age
19:27 Castle Age
18:07 Fishing Lines
19:21 Double-Bit Axe
24:31 Bow Saw
26:59 Horse Collar
28:20 Fletching
30:08 Bodkin Arrow
31:51 Ballistics
32:47 Wheelbarrow
32:02 Gold Mining
33:25 Gillnets
33:26 Stone Mining
35:39 Eupseong
36:06 Treadmill Crane
39:49 Imperial Age
37:49 Masonry
38:57 Murder Holes
39:38 Hand Cart
Connection lost

Rejoining the realm…

Still unreachable

The connection could not be restored.

Session expired

The server has moved on; the page needs a fresh start.